 Dungeon Crawl Stone Soup version 0.31-a0-986-g5e6e4ef867 (webtiles) character file.

Game seed: 10203344804934456578

70 lessens the Chopper (level 4, -3/35 HPs)
             Began as a Demonspawn Fighter on Nov 3, 2023.
             Slain by a gnoll bouda
             ... wielding a +0 whip
              (7 damage)
             ... on level 3 of the Dungeon.
             The game lasted 00:02:35 (2154 turns).

lessens the Chopper (Demonspawn Fighter)            Turns: 2154, Time: 00:02:36

Health: -3/35      AC: 11    Str: 18    XL:     4   Next: 4%
Magic:  4/4        EV:  9    Int:  9    God:
Gold:   86         SH:  9    Dex: 13    Spells: 3/3 levels left

rFire   . . .        a - +0 war axe
rCold   . . .        c - +0 buckler
rNeg    . . .        b - +0 scale mail
rPois   .            n - +1 helmet
rElec   .            e - +0 cloak
rCorr   .            (no gloves)
SInv    .            (no boots)
Will    .....        j - amulet of reflection Stlth
                     (no ring)
HPRegen 0.25/turn    (no ring)
MPRegen 0.18/turn

%: reflection
@: weakened
A: claws 1, thin metallic scales 1, magic regeneration
a: no special abilities


You were on level 3 of the Dungeon.
You visited 1 branch of the dungeon, and saw 3 of its levels.

You collected 86 gold pieces.

Inventory:

Hand Weapons
 a - a +0 war axe (weapon)
Missiles
 h - 12 stones
 m - 4 boomerangs
Armour
 b - a +0 scale mail (worn)
 c - a +0 buckler (worn)
 e - a +0 cloak (worn)
 n - a +1 helmet (worn)
Jewellery
 j - an amulet of reflection (around neck)
Scrolls
 f - 3 scrolls of identify {unknown}
 g - a scroll of teleportation {unknown}
 k - a scroll of enchant armour {unknown}
 l - a scroll of poison {unknown}
 q - a scroll of revelation {unknown}
Potions
 d - 2 potions of might
 i - a potion of lignification {unknown}
 o - a potion of haste {unknown}
 p - a potion of mutation {unknown}
 r - a potion of brilliance {unknown}


   Skills:
 - Level 3.0 Fighting
 + Level 4.0 Axes
 - Level 2.6 Armour
 - Level 2.6 Shields


You had 3 spell levels left.
You didn't know any spells.
Your spell library contained the following spells:

 Spells                   Type           Power      Damage    Failure   Level
 Magic Dart               Conj           0%         1d3       86%         1
 Slow                     Hex            0%         N/A       86%         1
 Blink                    Tloc           0%         N/A       94%         2
 Lesser Beckoning         Tloc           0%         N/A       94%         2
 Momentum Strike          Conj/Tloc      0%         3d8       94%         2
 Searing Ray              Conj           0%         2d4       94%         2
 Confusing Touch          Hex            0%         N/A       99%         3
 Sigil of Binding         Hex            0%         N/A       99%         3
 Vampiric Draining        Necr           0%         2d6       99%         3
 Fulminant Prism          Conj/Hex       0%         3d5       100%        4


Dungeon Overview and Level Annotations

Branches:
Dungeon (3/15) Zot: 15801

Altars:


Innate Abilities, Weirdness & Mutations

You have sharp fingernails.
You are partially covered in thin metallic scales. (AC +2)
You regenerate magic rapidly.


Message History

The gnoll closely misses you.
You hit the gnoll bouda.
The gnoll bouda is severely wounded.
The gnoll bouda misses you.
The gnoll hits you from afar with a +0 spear.
You hit the gnoll bouda but do no damage.
The gnoll bouda is severely wounded.
You block the gnoll bouda's attack.
The gnoll hits you from afar with a +0 spear.
You block the gnoll bouda's attack.
You are too injured to fight recklessly!
You are too injured to fight recklessly!
You are too injured to fight recklessly!
You completely miss the gnoll bouda.
The gnoll bouda is severely wounded.
You block the gnoll's attack.
The gnoll bouda hits you with a +0 whip!
* * * LOW HITPOINT WARNING * * *
You hit the gnoll bouda but do no damage.
The gnoll bouda is severely wounded.
Your attacks no longer feel as feeble.
The gnoll is no longer moving quickly. x2; The gnoll completely misses you.
The gnoll bouda barks out a call to the hunt!
The gnolls pick up the pace!
The gnoll barely misses you.
The gnoll bouda attacks as it pursues you!
You block the gnoll bouda's attack.
The gnoll bouda gazes fiercely through you!
You feel your attacks grow feeble. The gnoll bouda barely misses you.
The gnoll bouda gazes fiercely through you!
You feel as though you will be weak longer.
The gnoll bouda attacks as it pursues you!
The gnoll bouda hits you with a +0 whip!
* * * LOW HITPOINT WARNING * * *
The gnoll barely misses you. You block the gnoll bouda's attack.
The frilled lizard barely misses you.
The gnoll bouda attacks as it pursues you!
The gnoll bouda hits you with a +0 whip!
You die...

.........# #.#.....##
#..# g................
.... >#
.#...##.#.#.....# #..#
.# .##..##.#.#.....#
#..# .#
.....##.#.#..<..# #..#
.# .# #.##.#.#.....#
#..# .# .#
#..#.#.#...gg####..#
##.#
.###....#.....gl@.....#
##..#
........).##########..#
##...# <......####
#..###..#.# .##.##..#
#######......##.####
.##.##.....
....................
.##.##.#.##.#
###...<..#......###
###.##.#.#
#......#......#
.......=
#......#......# ..##.#
.# ####+###......#


You could see a gnoll bouda, 2 gnolls and a frilled lizard.

Vanquished Creatures
  3 gnolls
  A dart slug (D:2)
  5 ball pythons
  2 endoplasms (D:1)
  3 goblins
  6 hobgoblins
  2 kobolds (D:1)
  8 quokkas
  A bat (D:1)
  A frilled lizard (D:1)
  3 rats (D:1)
35 creatures vanquished.

Notes
Turn   | Place    | Note
-------+----------+-------------------------------------------
     0 | D:1      | lessens the Demonspawn Fighter began the quest for the Orb.
     0 | D:1      | Reached XP level 1. HP: 18/18 MP: 1/1
    50 | D:1      | Reached skill level 2 in Axes
   347 | D:1      | Gained mutation: You regenerate magic rapidly. [demonic
                  | ancestry]
   347 | D:1      | Reached XP level 2. HP: 24/24 MP: 2/2
   836 | D:1      | Reached skill level 3 in Axes
  1023 | D:2      | Found a faded altar of an unknown god.
  1270 | D:2      | Gained mutation: You are partially covered in thin metallic
                  | scales. (AC +2) [demonic ancestry]
  1270 | D:2      | Reached XP level 3. HP: 29/29 MP: 3/3
  2138 | D:3      | Reached skill level 4 in Axes
  2138 | D:3      | Gained mutation: You have sharp fingernails. [demonic
                  | ancestry]
  2138 | D:3      | Reached XP level 4. HP: 30/35 MP: 4/4
  2154 | D:3      | Slain by a gnoll bouda

Illustrated notes

Levels and vault maps discovered:
D:1:      minmay_arrival_cross, layout_basic
D:2:      wad_woods_tower, layout_basic, ebering_ecumenical_altar_petrified,
          minmay_misc_feat_four_crosses
D:3:      layout_basic, jmf_multi_god_temple, serial_shops, shop

Skill      XL: |  1  2  3 |
---------------+----------+-----
Axes           | 2 3 4 |  4.0
Fighting       | |  3.0
Armour         | |  2.6
Shields        | |  2.6

Action                     |  1- 3 |  4- 6 || total
---------------------------+-------+-------++-------
  Melee: War axe           |   105 |     7 ||   112
 Armour: Scale mail        |    79 |    14 ||    93
  Dodge: Dodged            |    49 |    10 ||    59
  Block: Buckler           |    39 |     8 ||    47

Table legend: (Time is in decaauts)
 A = Elapsed time spent in this place.
 B = Non-inter-level travel time spent in this place.
 C = Inter-level travel time spent in this place.
 D = Time resting spent in this place.
 E = Time spent auto-exploring this place.
 F = Levels seen in this place.
 G = Mean time per level.
                   A        B        C        D        E       F      G
               +--------+--------+--------+--------+--------+-----+--------+
         Total |   2197 |   2112 |     85 |      0 |   1791 |   3 |  732.3 |
       Dungeon |   2197 |   2112 |     85 |      0 |   1791 |   3 |  732.3 |
               +--------+--------+--------+--------+--------+-----+--------+

Top non-repeatable levels by time:
     D:2: 1079 daAuts
     D:1: 1005 daAuts
     D:3: 112 daAuts

Levels and vault maps discovered:
D:1:      minmay_arrival_cross, layout_basic
D:2:      wad_woods_tower, layout_basic, ebering_ecumenical_altar_petrified,
          minmay_misc_feat_four_crosses
D:3:      layout_basic, jmf_multi_god_temple, serial_shops, shop
